 Dungeon Crawl Stone Soup version 0.24.0-125-gc4c63601f3 (webtiles) character file.

Game seed: 18309325601260100453, levelgen mode: deterministic

159 Doomer the Cudgeler (level 5, -4/33 HPs)
             Began as a Gargoyle Berserker on Mar 13, 2020.
             Was a Priest of Trog.
             Slain by an ogre
             ... wielding a +0 giant club
              (17 damage)
             ... on level 4 of the Dungeon.
             The game lasted 00:08:14 (3397 turns).

Doomer the Cudgeler (Gargoyle Berserker)            Turns: 3397, Time: 00:08:15

Health: -4/33      AC: 13    Str: 22    XL:     5   Next: 40%
Magic:  14/14      EV:  8    Int:  7    God:    Trog [***...]
Gold:   136        SH:  2    Dex:  9    Spells: 4/4 levels left

rFire    . . .     SeeInvis .   s - +0 flail
rCold    . . .     Gourm    .   (no shield)
rNeg     + . .     Faith    .   k - +0 chain mail (curse)
rPois    ∞         Spirit   .   (no helmet)
rElec    +         Reflect  +   (no cloak)
rCorr    .         Harm     .   (no gloves)
MR       .....                  (no boots)
Stlth    ..........             o - +2 amulet of reflection
HPRegen  0.11/turn              l - ring of flight
MPRegen  0.14/turn              m - ring of magical power

@: no status effects
A: negative energy resistance 1, electricity resistance, unbreathing,
petrification resistance, rot immunity, AC +4
a: Berserk, Trog's Hand, Renounce Religion, Evoke Flight


You were on level 4 of the Dungeon.
You worshipped Trog.
Trog was most pleased with you.
You were near starving.

You visited 1 branch of the dungeon, and saw 4 of its levels.

You collected 136 gold pieces.

Inventory:

Hand Weapons
 j - a +0 whip
 s - a +0 flail (weapon)
Missiles
 p - 22 poisoned darts (quivered)
Armour
 k - a cursed +0 chain mail (worn)
 r - a +0 pair of gloves
Jewellery
 l - a ring of flight (left hand)
 m - a ring of magical power (right hand)
 o - a +2 amulet of reflection (around neck)
 v - an uncursed amulet of guardian spirit
Scrolls
 d - a scroll of immolation {unknown}
 e - a scroll of fog {unknown}
 f - 2 scrolls of teleportation
 h - a scroll of noise {unknown}
 i - 4 scrolls of remove curse
 q - a scroll of random uselessness {unknown}
 u - a scroll of enchant armour {unknown}
Potions
 a - a potion of might
 b - a potion of curing
 n - a potion of berserk rage
 t - a potion of haste {unknown}
Comestibles
 c - 4 rations


   Skills:
 + Level 3.8 Fighting
 + Level 4.7 Maces & Flails
 + Level 0.4 Throwing
 + Level 2.9 Armour
 + Level 2.3 Dodging


You had 4 spell levels left.
You didn't know any spells.
Your spell library was empty.

Dungeon Overview and Level Annotations

Branches:
Dungeon (4/15)
 Temple: D:4-7

Altars:
Dithmenos
Nemelex Xobeh


Innate Abilities, Weirdness & Mutations

You are resistant to torment.
Your stone body is resilient. (AC +4)
You are immune to poison.
You resist negative energy. (rN+)
You are resistant to electric shocks. (rElec)
You can survive without breathing.
You are immune to petrification.
You are immune to rotting.


Message History

Throwing (i - inventory)
p - 24 poisoned darts (quivered)
Press: ? - help, Shift-Dir - straight line, f/p - ogre
Aim: an ogre, wielding a +0 giant club You throw a poisoned dart.
The poisoned dart hits the ogre.
Throwing (i - inventory)
p - 23 poisoned darts (quivered)
Press: ? - help, Shift-Dir - straight line, f/p - ogre
Aim: an ogre, wielding a +0 giant club You throw a poisoned dart.
The poisoned dart hits the ogre.
The ogre is poisoned.
The ogre hits you with a +0 giant club!!
Ouch! That really hurt!
Found a ration.
You are too injured to fight recklessly!
You are too injured to fight recklessly!
You are too injured to fight recklessly!
You sock the ogre!
The ogre is moderately wounded.
The ogre hits you with a +0 giant club!
Ouch! That really hurt!
You die...

#.. ###...........
##...#.......(%
##....#......(..
#####......!........
##
#.#.##...#.....(....
.####[...#...#....(...
......#..........O.#
....###.........@.#
#.......#.#.......#
##......##.....#..#
#......##.##.#####
#......#......#
####...###..###
#.....#......#
###.....##.##.##
.##..##.#.. ...#


You could see an ogre.

Vanquished Creatures
  An orc wizard (D:3)
  3 adders
  An ooze (D:1)
  4 dart slugs
  A leopard gecko (D:1)
  9 orcs (D:3)
  3 ball pythons (D:3)
  11 bats
  8 giant cockroaches
  5 goblins
  10 hobgoblins
  3 jackals (D:3)
  A quokka (D:3)
  2 frilled lizards
  11 kobolds
  13 rats
  2 bushes (D:3)
  A plant (D:3)
89 creatures vanquished.

Notes
Turn   | Place    | Note
-------+----------+-------------------------------------------
     0 | D:1      | Doomer the Gargoyle Berserker began the quest for the Orb.
     0 | D:1      | Reached XP level 1. HP: 14/14 MP: 1/1
    77 | D:1      | Reached XP level 2. HP: 13/19 MP: 2/2
   537 | D:1      | Reached XP level 3. HP: 13/23 MP: 3/3
   694 | D:1      | Reached ** piety under Trog
  1237 | D:2      | Found a shadowy altar of Dithmenos.
  1525 | D:2      | Reached XP level 4. HP: 27/29 MP: 4/4
  1970 | D:2      | Reached skill level 4 in Maces & Flails
  2071 | D:2      | Found a sparkling altar of Nemelex Xobeh.
  2385 | D:3      | Reached XP level 5. HP: 17/33 MP: 5/5
  2589 | D:3      | Reached *** piety under Trog
  3391 | D:4      | Noticed an ogre
  3397 | D:4      | Slain by an ogre

Levels and vault maps discovered:
D:1:      dpeg_arrival_fog, layout_basic, minmay_rat_gold_closets
D:2:      layout_basic, nicolae_dithmenos_shadow_blocks, nemelex_altar_shiori
D:3:      layout_basic, serial_forest, infiniplex_forest_end_2,
          infiniplex_forest_straight_2, infiniplex_forest_corner_2,
          infiniplex_forest_end_2, infiniplex_forest_clump_curved,
          infiniplex_forest_straight_4, infiniplex_forest_clump_double,
          infiniplex_forest_lined_4_way, infiniplex_forest_clump_diagonal
D:4:      layout_cave_pools, minmay_misc_feat_alley

Skill      XL: |  1  2  3  4 |
---------------+-------------+-----
Dodging        | 2 |  2.3
Maces & Flails | 4 |  4.7
Fighting       | |  3.8
Throwing       | |  0.4
Armour         | |  2.9

Action                   |  1- 3 |  4- 6 || total
-------------------------+-------+-------++-------
Melee: Mace              |   111 |       ||   111
       Whip              |    91 |   128 ||   219
       Flail             |       |   141 ||   141
Throw: Dart              |       |    42 ||    42
  Use: Scroll            |     2 |     4 ||     6
  Eat: Chunk             |     2 |     5 ||     7
Armor: Animal skin       |    51 |       ||    51
       Chain mail        |    56 |    92 ||   148
Dodge: Dodged            |   123 |    71 ||   194
Block: Other             |       |    10 ||    10
